 Dungeon Crawl Stone Soup version 0.28.0-53-g5a82cb258f (webtiles) character file.

Game seed: 13206030662041996202

400 issech the Chopper (level 6, -2/50 HPs)
             Began as a Minotaur Monk on June 1, 2022.
             Was a Believer of Hepliaklqana.
             Slain by a sky beast (5 damage)
             ... on level 7 of the Dungeon.
             The game lasted 00:09:42 (4140 turns).

issech the Chopper (Minotaur Monk)                  Turns: 4140, Time: 00:09:42

Health: -2/50      AC: 12    Str: 16    XL:     6   Next: 54%
Magic:  4/5        EV:  6    Int:  7    God:    Hepliaklqana [**....]
Gold:   154        SH:  0    Dex: 14    Spells: 5/5 levels left

rFire   . . .      SeeInvis .   t - +0 hand axe (flame)
rCold   . . .      Faith    .   (no shield)
rNeg    . . .      Spirit   .   o - +0 plate armour
rPois   +          Reflect  .   (helmet restricted)
rElec   .          Harm     .   (no cloak)
rCorr   .          Rampage  .   (no gloves)
Will    .....                   (no boots)
Stlth   ..........              C - amulet of regeneration
HPRegen 0.96/turn               m - ring of poison resistance
MPRegen 0.09/turn               (no ring)

@: hasted, very quick
A: reduced essence, horns 2, retaliatory headbutt
a: Renounce Religion, Recall Ancestor, Ancestor Identity


You were on level 7 of the Dungeon.
You worshipped Hepliaklqana.
Hepliaklqana was pleased with you.
You visited 2 branches of the dungeon, and saw 6 of its levels.

You collected 154 gold pieces.

Inventory:

Hand Weapons
 a - a +0 hand axe
 l - a +0 long sword
 t - a +0 hand axe of flaming (weapon)
 w - a +0 short sword of draining
 z - a +0 hunting sling
Missiles
 h - 19 stones (quivered)
 s - 4 boomerangs
 u - 36 sling bullets
Armour
 b - a +0 robe
 d - a +1 leather armour of poison resistance
 e - a +0 ring mail
 i - a +2 leather armour of willpower
 o - a +0 plate armour (worn)
Jewellery
 m - a ring of poison resistance (left hand)
 C - an amulet of regeneration (around neck)
Wands
 y - a wand of digging (5)
Scrolls
 c - a scroll of enchant armour {unknown}
 f - a scroll of magic mapping {unknown}
 j - 2 scrolls of identify {unknown}
 k - a scroll of holy word {unknown}
 q - a scroll of torment {unknown}
 v - a scroll of immolation {unknown}
 A - a scroll of amnesia {unknown}
 B - a scroll of enchant weapon {unknown}
Potions
 g - 2 potions of haste
 n - a potion of resistance {unknown}
 p - a potion of cancellation {unknown}
 r - 2 potions of heal wounds {unknown}
 x - a potion of magic {unknown}


   Skills:
 + Level 5.0 Fighting
 + Level 3.3 Long Blades
 + Level 5.0 Axes
 + Level 4.5 Armour
 + Level 3.6 Dodging
 + Level 2.0 Stealth


You had 5 spell levels left.
You didn't know any spells.
Your spell library contained the following spells:

 Spells                   Type           Power      Damage    Failure   Level
 Blink                    Tloc           0%         N/A       100%        2
 Lesser Beckoning         Tloc           0%         N/A       100%        3
 Manifold Assault         Tloc           0%         N/A       100%        5


Dungeon Overview and Level Annotations

Branches:
Dungeon (4/15)             Temple (1/1) D:4

Altars:
Ashenzari
Cheibriados
Dithmenos
Elyvilon
Fedhas
Gozag
Hepliaklqana
Kikubaaqudgha
Makhleb
Nemelex Xobeh
Okawaru
Ru
Sif Muna
Trog
Uskayaw
Vehumet
Wu Jian
Xom
Yredelemnul
Zin
The Shining One


Innate Abilities, Weirdness & Mutations

Your life essence is reduced to manifest your ancestor. (-10% HP)
You have a pair of horns on your head.
You reflexively headbutt those who attack you in melee.


Message History

* * * LOW HITPOINT WARNING * * *
You hit the gnoll. You burn the gnoll.
You kill the gnoll!
You barely miss the sky beast. You hit the gnoll shaman.
You burn the gnoll shaman.
The sky beast flickers out of sight!
Deactivating autopickup; reactivate with Ctrl-A.
Something hits you but does no damage.
Friðuswiþ hits the gnoll shaman with a +0 quarterstaff!
The gnoll shaman dies!
You hear a splash. x2
The howler monkey hits Friðuswiþ!
The gnoll throws a throwing net.
The throwing net hits you.
You become entangled in the net!
The gnoll barely misses you.
You struggle against the net.
The howler monkey barely misses Friðuswiþ.
Something hits you.
* * * LOW HITPOINT WARNING * * *
Something shocks you.
* * * LOW HITPOINT WARNING * * *
An orc comes into view. It is wielding a +0 hand axe.
The gnoll hits you from afar with a +0 spear.
* * * LOW HITPOINT WARNING * * *
The gnoll hits you but does no damage.
You tear a large gash into the net.
Something hits you but does no damage. The gnoll completely misses you.
Friðuswiþ hits something with a +0 quarterstaff!
The gnoll hits you from afar with a +0 spear.
* * * LOW HITPOINT WARNING * * *
You rip the net and break free!
Something hits you but does no damage. The howler monkey hits you.
* * * LOW HITPOINT WARNING * * *
The gnoll barely misses you.
Friðuswiþ closely misses something.
The gnoll hits you from afar with a +0 spear.
* * * LOW HITPOINT WARNING * * *
It was a potion of haste.
You feel yourself speed up.
The howler monkey splashes around in the water.
Something hits you.
* * * LOW HITPOINT WARNING * * *
Something shocks you.
You die...

# ###. ..... #
#...#######..[
#...)....##
#.h@)...o..
#..R{...###
#..gg...#
#.......#
#.......#
#...!...#
.....####
#.#####


You could see the friendly Friðuswiþ the battlemage, a howler monkey, 2 gnolls
and an orc.

Vanquished Creatures
  A water moccasin (D:3)
  An orc wizard (D:3)
  6 gnolls
  4 adders
  A howler monkey skeleton (D:4)
  2 worms (D:3)
  3 dart slugs
  10 orcs
  4 ball pythons
  5 endoplasms
  5 giant cockroaches
  6 goblins
  5 hobgoblins
  3 jackals
  8 kobolds
  3 quokkas
  4 bats
  2 frilled lizards
  8 rats
81 creatures vanquished.

Vanquished Creatures (collateral kills)
  A howler monkey (D:7)
  A gnoll shaman (D:7)
2 creatures vanquished.

Grand Total: 83 creatures vanquished

Notes
Turn   | Place    | Note
-------+----------+-------------------------------------------
     0 | D:1      | issech the Minotaur Monk began the quest for the Orb.
     0 | D:1      | Reached XP level 1. HP: 19/19 MP: 0/0
   317 | D:1      | Reached XP level 2. HP: 24/27 MP: 1/1
   978 | D:1      | Found a faded altar of an unknown god.
  1301 | D:2      | Reached XP level 3. HP: 16/33 MP: 2/2
  2213 | D:2      | Reached skill level 1 in Armour
  2490 | D:3      | Reached XP level 4. HP: 24/40 MP: 3/3
  2502 | D:3      | Reached skill level 1 in Long Blades
  2613 | D:3      | Noticed a water moccasin
  2633 | D:3      | Killed a water moccasin
  2634 | D:3      | Reached XP level 5. HP: 5/47 MP: 4/4
  3571 | D:3      | Reached XP level 6. HP: 53/53 MP: 5/5
  3575 | D:3      | Reached skill level 5 in Axes
  3728 | D:4      | Found a staircase to the Ecumenical Temple.
  3752 | Temple   | Entered the Ecumenical Temple
  4091 | Temple   | Became a worshipper of Hepliaklqana the Forgotten
  4091 | Temple   | Reached * piety under Hepliaklqana
  4091 | Temple   | Reached ** piety under Hepliaklqana
  4092 | Temple   | Remembered your ancestor Friðuswiþ as a battlemage
  4126 | D:4      | You fall into a shaft and drop 3 floors!
  4126 | D:7      | Noticed a sky beast
  4132 | D:7      | Reached skill level 5 in Fighting
  4140 | D:7      | Slain by a sky beast

Illustrated notes

Levels and vault maps discovered:
D:1:      evilmike_arrival_crescent, layout_basic,
          shapermc_ecumenical_altar_pompeii, serial_bayou_pond_c
D:2:      layout_basic
D:3:      minmay_diamond_boxcup, layout_rooms
D:4:      layout_rooms, nicolae_qazlal_general_emergency,
          minmay_temple_entry_offerings, minmay_shop_enchanted_jewellery
D:7:      layout_loops_cross, uniq_joseph, uniq_harold
Temple:   mainiacjoe_temple_circle_huts

Skill      XL: |  1  2  3  4  5  6 |
---------------+-------------------+-----
Axes           | 4 5 |  5.0
Fighting       | 4 5 |  5.0
Armour         | 1 2 3 4 |  4.5
Long Blades    | 2 3 |  3.3
Stealth        | 2 |  2.0
Dodging        | |  3.6

Action                   |  1- 3 |  4- 6 || total
-------------------------+-------+-------++-------
Melee: Hand axe          |    70 |    73 ||   143
       Headbutt          |    18 |    14 ||    32
       Punch             |     1 |     2 ||     3
       Long sword        |    44 |    28 ||    72
Invok: Recall Ancestor   |       |     1 ||     1
       Ancestor Life: Ba |       |     1 ||     1
  Use: Potion            |       |     1 ||     1
 Stab: Sleeping          |     1 |       ||     1
Armor: Robe              |     5 |       ||     5
       Leather armour    |    22 |       ||    22
       Plate armour      |    20 |    93 ||   113
Dodge: Dodged            |    67 |    36 ||   103
